Map: Triton LE

Players

TheMusZero

  • Race: Protoss Protoss
  • Spawn Location: 5:00

Future - Winner!

  • Race: Terran Terran
  • Spawn Location: 11:00

Event: NationWars 2019

VOD

Have the link to the VOD?

Description

Time

  • Played on: Nov. 30, 2019, 2:33 p.m.
  • Length: 8:56
Show
View Real Time Build Order
Export as new Build Order

TheMusZero Protoss 

Build Orders: 1 Gate Expand 

Get SALT Encoding   

  12  0:00  Probe  
  13  0:13  Probe  
  14  0:17  Pylon  
  14  0:25  Probe (Chrono Boost)  
  15  0:28  Assimilator  
  15  0:37  Probe (Chrono Boost)  
  16  0:43  Gateway  
  16  0:45  Probe (Chrono Boost)  
  17  0:54  Probe  
  18  1:06  Probe  
  19  1:18  Probe  
  19  1:23  Nexus  
  20  1:33  Cybernetics Core  
  20  1:35  Probe  
  21  1:43  Assimilator  
  21  1:48  Probe  
  22  1:54  Pylon  
  22  2:00  Probe  
  23  2:12  Adept (Chrono Boost), Probe, Robotics Facility  
  26  2:26  Robotics Facility  
  26  2:35  Stalker  
  27  2:37  Probe  
  27  2:39  Probe  
  29  2:48  Warp Gate  
  29  2:49  Probe  
  30  3:01  Immortal (Chrono Boost)  
  36  3:23  Warp Prism (Chrono Boost)  
  36  3:31  Immortal (Chrono Boost)  
  40  3:39  Pylon  
  40  3:43  Gateway  
  40  3:52  Gateway  
  41  3:57  Observer (Chrono Boost)  
  41  4:23  Warp Prism (Chrono Boost)  
  47  4:29  Pylon  
  45  4:31  Immortal (Chrono Boost)  
  45  4:37  Stalker  
  46  4:39  Stalker  
  48  4:47  Stalker  
  50  5:04  Stalker x2  
  54  5:21  Stalker  
  46  5:35  Stalker x2  
  31  5:43  Immortal (Chrono Boost)  
  31  5:48  Immortal (Chrono Boost)  
  39  6:13  Immortal (Chrono Boost)  
  43  6:21  Stalker x2  
  51  6:41  Immortal (Chrono Boost)  
  51  6:47  Zealot  
  51  6:48  Zealot x2  
  57  6:55  Pylon  
  45  7:17  Zealot  
  45  7:18  Zealot x2  
  45  7:36  Immortal (Chrono Boost)  
  37  7:50  Immortal (Chrono Boost)  
  37  7:51  Zealot  
  37  7:52  Zealot  
  41  7:58  Stalker  
  43  8:09  Immortal (Chrono Boost)  
  47  8:20  Stalker  
  49  8:28  Stalker  
Show
View Real Time Build Order
Export as new Build Order

Future Terran - Winner!

Build Orders: Reaper Expand 

Get SALT Encoding   

  12  0:01  SCV  
  13  0:13  SCV  
  14  0:17  Supply Depot  
  14  0:25  SCV  
  15  0:39  Barracks, SCV  
  16  0:45  Refinery  
  16  0:51  SCV  
  17  1:03  SCV  
  18  1:15  SCV  
  19  1:27  Orbital Command  
  19  1:28  Reaper  
  20  1:44  Command Center  
  20  1:52  SCV  
  21  1:59  Supply Depot  
  21  2:03  Marine  
  21  2:05  SCV  
  23  2:10  Factory  
  23  2:16  Refinery  
  23  2:21  SCV  
  24  2:25  Barracks Reactor  
  24  2:31  Bunker  
  24  2:34  SCV  
  25  2:46  SCV  
  26  2:55  Factory Tech Lab, Starport  
  26  2:57  Orbital Command  
  26  2:58  SCV  
  26  3:05  Marine x2  
  29  3:10  SCV  
  30  3:18  Bunker  
  30  3:19  Siege Tank  
  33  3:22  SCV  
  33  3:25  Marine  
  35  3:30  Marine  
  35  3:31  SCV  
  37  3:34  SCV  
  37  3:38  Viking  
  40  3:43  Supply Depot  
  40  3:44  SCV  
  40  3:47  SCV  
  40  3:48  Marine x2  
  44  4:02  Supply Depot  
  44  4:05  Siege Tank  
  44  4:06  Marine x2  
  49  4:14  Viking  
  50  4:20  SCV x2  
  50  4:22  Supply Depot  
  50  4:24  Marine x2  
  54  4:32  SCV x2  
  56  4:41  Marine  
  56  4:42  Marine  
  56  4:44  SCV x2  
  56  4:45  Liberator  
  60  4:50  Siege Tank  
  65  4:56  SCV x2  
  65  4:58  Barracks  
  65  4:59  Marine x2  
  70  5:07  Supply Depot  
  70  5:09  SCV x2  
  67  5:21  Marine  
  67  5:27  Siege Tank  
  54  5:36  SCV, Marine  
  54  5:39  SCV, Marine  
  58  5:42  Supply Depot  
  58  5:47  Starport Tech Lab  
  58  5:51  SCV x2  
  58  5:54  Barracks Tech Lab  
  58  5:55  Marine  
  61  6:03  Siege Tank  
  64  6:05  SCV x2  
  64  6:08  Engineering Bay  
  66  6:12  Refinery  
  66  6:13  Refinery  
  66  6:14  Marine  
  66  6:15  Marine  
  66  6:17  SCV x2  
  70  6:22  Marine  
  71  6:30  Stimpack  
  71  6:31  SCV x2  
  71  6:32  Marine x2  
  75  6:41  Missile Turret  
  75  6:42  Siege Tank, Marine  
  75  6:43  SCV x2  
  81  6:48  Missile Turret  
  81  6:50  Marine x2  
  83  6:56  Barracks, Starport Reactor  
  83  7:00  Marine  
  84  7:08  Marine x2  
  81  7:14  Siege Tank  
  75  7:17  Marine  
  72  7:26  Marine x2  
  70  7:35  Marine  
  70  7:36  Viking x2  
  61  7:47  Marine  
  61  7:48  Marine  
  61  7:49  Siege Tank, Marine  
  63  7:58  SCV x2  
  65  8:01  Marine  
  65  8:05  Marine  
  67  8:06  Marine  
  67  8:09  Marine  
  67  8:10  SCV x2  
  71  8:15  Medivac  
  71  8:18  Medivac  
  75  8:22  SCV x2  
  77  8:27  Missile Turret  
  77  8:31  Marauder x2, Marine  
  77  8:34  Marine  
Tags
 
Add a new tag
Caveats
  • Supply blocks, unpowered buildings, or Contaminate may cause inaccurate times.
  • Supply counts are checked every 10 seconds.